 Dungeon Crawl Stone Soup version 0.32-a0-39-g5c88369fb2 (webtiles) character file.

Game seed: 9111952957854979975

77144 IndexError the Fighter (level 16, -11/130 HPs)
             Began as a Djinni Conjurer on Jan 16, 2024.
             Was a Priest of Ashenzari.
             Mangled by a shambling mangrove (24 damage)
             ... on level 2 of the Swamp on Jan 29, 2024.
             The game lasted 01:13:47 (20139 turns).

IndexError the Fighter (Djinni Conjurer)           Turns: 20139, Time: 01:13:47

Health: -11/130    AC: 13    Str:  6    XL:     16   Next: 4%
Gold:   2391       EV: 17    Int: 33    God:    Ashenzari [***...] SH:  0 Dex: 13

rFire   + + .        d - +5 spear (pain)
rCold   + . .        (no shield)
rNeg    . . .        V - +2 robe {rC+ rF+}
rPois   ∞            A - +2 hat "Regret of Ashenzari" {Self, Comp} (curse)
rElec   .            o - +2 cloak "Chained Together" {Self, Comp} (curse)
rCorr   .            x - +1 pair of gloves
SInv    +            (boots unavailable)
Will    +....        D - amulet "Ensconced Mistrust" {Regen+, +regen, !d, Fort, Elem} (curse)
Stlth   ++++         i - ring of ice {rC+, rF-}
HPRegen 1.21/turn    K - ring of the Unveiling Jealousy {Int+6, Self, Dev} (curse)
MPRegen 0.00/turn

%: clarity, infuse magic (-12 HP)
@: flying
A: sickness immunity, fire resistance 2, cold vulnerability 1, float, innate
caster, HP casting, extra vitality 1
a: Renounce Religion, Curse Item, Shatter the Chains


You were on level 2 of the Swamp.
You worshipped Ashenzari.
Ashenzari was most pleased with you.
You visited 5 branches of the dungeon, and saw 21 of its levels.

You collected 2391 gold pieces.

Inventory:

Hand Weapons
 d - a +5 spear of pain (weapon)
   (You took it off a gnoll sergeant on level 9 of the Dungeon)
Missiles
 n - 17 curare-tipped darts
 O - 2 throwing nets {=f, !d}
Armour
 o - the cursed +2 cloak "Chained Together" (worn) {Self, Comp}
   (You took it off Crazy Yiuf on level 2 of the Dungeon)

   It has a curse which improves the following skills: Introspection: Fighting
   and Spellcasting.
   Companions: Summonings and Necromancy.
 x - a +1 pair of gloves (worn)
   (You found it on level 3 of the Dungeon)
 A - the cursed +2 hat "Regret of Ashenzari" (worn) {Self, Comp}
   (You found it on level 4 of the Dungeon)

   It has a curse which improves the following skills: Introspection: Fighting
   and Spellcasting.
   Companions: Summonings and Necromancy.
 E - a +0 troll leather armour {regen}
   (You found it on level 2 of the Orcish Mines)
 J - a +2 robe of willpower
   (You took it off Pikel on level 7 of the Dungeon)
 V - a +2 robe of resistance (worn)
   (You took it off an orc sorcerer on level 1 of the Orcish Mines)
Jewellery
 a - an amulet of reflection
   (You found it on level 10 of the Dungeon)
 i - a ring of ice (left hand) {rC+, rF-}
   (You found it on level 11 of the Dungeon)
 r - a ring of resist corrosion
   (You found it on level 4 of the Lair of Beasts)
 w - a +4 ring of protection
   (You found it on level 5 of the Lair of Beasts)
 D - the cursed amulet "Ensconced Mistrust" (around neck) {Regen+, +regen, !d, Fort, Elem}
   (You found it on level 5 of the Dungeon)

   [amulet of regeneration]

   Regen+:    It increases your rate of health regeneration.
   It has a curse which improves the following skills: Fortitude: Armour and
   Shields.
   Elements:  Fire Magic, Ice Magic, Air Magic and Earth Magic.
 F - the ring of Moderation {rElec rPois rC- Dex+3}
   (You found it on level 1 of the Orcish Mines)

   [ring of poison resistance]

   Dex+3:     It affects your dexterity (+3).
   rC-:       It makes you vulnerable to cold.
   rElec:     It insulates you from electricity.
   rPois:     It protects you from poison
 K - the cursed ring of the Unveiling Jealousy (right hand) {Int+6, Self, Dev}
   (You found it on level 7 of the Dungeon)

   [ring of intelligence]

   Int+6:     It affects your intelligence (+6).
   It has a curse which improves the following skills: Introspection: Fighting
   and Spellcasting.
   Devices:   Evocations and Shapeshifting.
 L - the ring of the Present {Fire Will++ rCorr Str+2 Dex+3}
   (You took it off an orc on level 7 of the Dungeon)

   [ring of fire]

   Fire:      It enhances your fire magic.
   Str+2:     It affects your strength (+2).
   Dex+3:     It affects your dexterity (+3).
   rF+:       It protects you from fire.
   rC-:       It makes you vulnerable to cold.
   Will++:    It greatly increases your willpower.
   rCorr:     It protects you from acid and corrosion.
Wands
 j - a wand of iceblast (5)
   (You found it on level 1 of the Lair of Beasts)
 y - a wand of paralysis (21)
   (You found it on level 4 of the Dungeon)
 I - a wand of flame (39)
   (You found it on level 7 of the Dungeon)
 N - a wand of mindburst (22)
   (You found it on level 8 of the Dungeon)
 Q - a wand of quicksilver (7)
   (You took it off Maggie on level 8 of the Dungeon)
 R - a wand of polymorph (16)
   (You found it on level 8 of the Dungeon)
Scrolls
 c - a scroll of brand weapon
 k - 9 scrolls of teleportation
 q - 4 scrolls of vulnerability {!r!r}
 s - a scroll of enchant armour
 t - 2 scrolls of immolation {!r}
 u - 4 scrolls of fear
 B - 4 scrolls of poison
 C - 2 scrolls of summoning
 H - 3 scrolls of revelation
 S - a scroll of enchant weapon
 T - 7 scrolls of fog
Potions
 b - 6 potions of lignification {!q}
 e - 2 potions of mutation {!q}
 f - 2 potions of brilliance
 g - 2 potions of might
 h - 5 potions of haste
 l - a potion of cancellation
 m - 7 potions of curing
 p - a potion of resistance
 v - 2 potions of enlightenment
 z - a potion of berserk rage {!q}
 G - a potion of ambrosia
 M - a potion of invisibility


   Skills:
 - Level 14.3(17.2) Fighting
 - Level 10.8(12.3) Armour
 - Level 12.1 Dodging
 + Level 9.1 Stealth
 - Level 10.0(12.9) Spellcasting
 - Level 10.0 Conjurations
 - Level 10.0 Hexes
 - Level 10.0(12.2) Summonings
 - Level 10.0(12.2) Necromancy
 - Level 10.0 Translocations
 - Level 10.0(11.4) Fire Magic
 - Level 10.0(11.4) Ice Magic
 - Level 10.0(11.4) Air Magic
 - Level 10.0(11.4) Earth Magic
 - Level 10.0 Alchemy
 - Level 10.0(11.4) Evocations


You knew the following spells:

 Your Spells              Type           Power      Damage    Failure   Level
a - Magic Dart            Conj           100%       1d8       1%          1
b - Searing Ray           Conj           100%       2d8       1%          2
c - Fulminant Prism       Conj/Alch      36%        3d18      1%          4
d - Shock                 Conj/Air       100%       1d9       1%          1
e - Jinxbite              Hex            100%       N/A       1%          2
f - Inner Flame           Hex/Fire       75%        N/A       1%          3
g - Summon Blazeheart Go  Fire/Summ      79%        N/A       1%          4
h - Petrify               Alch/Erth      75%        N/A       1%          4
i - Arcjolt               Conj/Air       37%        1d47      1%          5
j - Eringya's Noxious Bo  Alch           36%        4d6       5%          6
x - Iskenderun's Mystic   Conj/Tloc      72%        2d15      1%          4
Your spell library was empty.

Dungeon Overview and Level Annotations

Branches:
Dungeon (11/15)            Temple (1/1) D:4            Lair (5/5) D:9
  Swamp (2/4) Lair:3       Spider (0/4) Lair:3        Slime (0/5) Lair:5
    Orc (2/2) D:10            Elf (0/3) Orc:2

Altars:
Ashenzari
Cheibriados
Dithmenos
Elyvilon
Fedhas
Gozag
Hepliaklqana
Makhleb
Nemelex Xobeh
Okawaru
Qazlal
Ru
Trog
Uskayaw
Wu Jian
Xom
Yredelemnul
Zin
The Shining One
Jiyva

Shops:
D:7 *   Orc:2 ([[!

Portals:
Hell: Lair:5

Annotations:
D:7 3 runed translucent doors, Jannitor's ghost, novice DsRe
Lair:5 1 runed translucent door


Innate Abilities, Weirdness & Mutations

You are immune to sickness and miasma.
You are immune to poison.
Your flesh is very heat resistant. (rF++)
You are vulnerable to cold. (rC-)
You float through the air rather than walking.
You learn spells naturally, not from books.
Your magical power is your life essence.
You have superior vitality. (+4 MHP)


Message History

Aim: a bunyip (almost dead, inner flame, 100% to hit)
The magic dart hits the bunyip.
Flame seeps out of the bunyip.
The bunyip is engulfed in blazing flames.
Flame seeps out of the bunyip.
Casting: Magic Dart (safe; 1% risk of failure)
Confirm with . or Enter, or press ? or * to list all spells.
You erupt in a blast of force!
The mystic blast hits the bunyip!
The fiery explosion engulfs you! You resist.
You are engulfed in blazing flames.
You resist.
* * * LOW HITPOINT WARNING * * *
You take 18 damage, and have 39/130 hp.
You see here 2 stones.
There is a staircase back to the Lair here.
You regained 44 hp, and now have 84/130 hp.
You can't go down here!
H - 4 scrolls of revelation (gained 1)
You see here 2 poisoned darts.
A swamp worm comes into view.
There is a shaft here.
Health restored: 130 You are sucked into a shaft and drop 1 floor!
The shaft crumbles and collapses.
A shambling mangrove comes into view.
Roots burst forth from the earth!
The grasping roots grab you! The grasping roots constrict you.
The will-o-the-wisp gestures.
The will-o-the-wisp conjures some marshlight!
The shambling mangrove moves out of view. 2 foxfires come into view.
You take 6 damage, and have 124/130 hp.
You escape the roots grasp.
The foxfire hits you. You resist.
The will-o-the-wisp gestures.
The will-o-the-wisp conjures some marshlight! 2 foxfires come into view.
You take 4 damage, and have 120/130 hp.
As you read the scroll of revelation, it crumbles to dust.
You feel aware of your surroundings. The foxfire hits you. You resist.
Roots burst forth from the earth!
The grasping roots grab you! The grasping roots constrict you.
You take 1 damage, and have 119/130 hp.
As you read the scroll of teleportation, it crumbles to dust.
You feel strangely unstable.
The foxfire hits you but does no damage.
The foxfire hits you. You resist. The grasping roots constrict you!
You take 13 damage, and have 106/130 hp.
You escape the roots grasp.
Your surroundings suddenly seem different.
You regained 2 hp, and now have 111/130 hp.
A swamp dragon and an alligator come into view.
An alligator comes into view.
A shambling mangrove comes into view.
A will-o-the-wisp and a swamp worm come into view.
Found a stone staircase leading up.
The will-o-the-wisp gives a chilling moan.
The swamp dragon roars deafeningly!
A bloated husk comes into view.
The swamp worm fires a harpoon shot at you.
The harpoon shot hits you!
You are yanked forward by the harpoon shot.
You take 8 damage, and have 107/130 hp.
The swamp worm bites you!
You take 6 damage, and have 101/130 hp.
A bog body comes into view.
The blast of putrescent gases engulfs the shambling mangrove!!
The blast of putrescent gases engulfs you!!!
The blast of putrescent gases engulfs the swamp worm!
The blast of putrescent gases engulfs the swamp dragon!!
You hear a chilling moan.
You take 35 damage, and have 66/130 hp.
MASSIVE DAMAGE!!
Roots burst forth from the earth!
The grasping roots grab you! The grasping roots constrict you!
The swamp worm fires a harpoon shot at you.
The harpoon shot hits you.
You are yanked forward by the harpoon shot.
You take 17 damage, and have 49/130 hp.
You escape the roots grasp.
The swamp worm attacks as it pursues you!
The swamp worm bites you! The swamp dragon barely misses you. x2
The swamp dragon completely misses you.
You take 9 damage, and have 40/130 hp.
Blink to where?
Press: ? - help, Dir - move target
As you read the scroll of blinking {!r}, it crumbles to dust.
A will-o-the-wisp comes into view.
You regained 2 hp, and now have 42/130 hp.
The alligator tail-slaps you!
* * * LOW HITPOINT WARNING * * *
The alligator bites you!
* * * LOW HITPOINT WARNING * * *
The alligator drags you backwards! The swamp worm misses you.
The will-o-the-wisp blinks!
The swamp dragon bites you but does no damage.
The swamp dragon claws you.
* * * LOW HITPOINT WARNING * * *
The swamp dragon tramples you but does no damage.
The shambling mangrove hits you!!
You die...

*****,,***~.§**~~,,*~~*
*,*,~,,***.~~.**,~~,,~**
~~,,,~~~,..~~.♣***~,*~,*
~~,,~,~*~..~~~.♣***,*,~*
~~~.~≈≈v§♣~~.§..♣♣*,*,~**
~~...≈~§§§§~.~~~.♣*,♣,~^*
*≈~l~≈≈§≈§§~.~♣n.♣♣.♣*,♣*
~~~~~~§≈≈.§~.§...<♣~♣*~♣*
~♣~~§§§.~~~♣~...@f.~♣.♣,*
,~≈~§§§....v~~~lDw♣.~♣.♣*
,~≈~§§§..~.~)v♣.~.§~~..♣
,~~~{♣~.~§..~~§.~~.~.♣.♣
~~~~♣≈♣~..♣♣♣..~~~♣~♣♣*♣
~*~~**♣~.♣♣*♣♣.~~..♣♣*
,**** ♣~♣♣**[........♣*
~* ♣♣.♣♣♣.......##..♣* ~*
♣~..♣.....#...,#..♣*


You could see a shambling mangrove, a swamp dragon, an alligator, 2
will-o-the-wisps, a bog body and a swamp worm.

Vanquished Creatures
  The ghost of Kusum the Martial Artist, a journeyman DsFi of Okawaru (Orc:1)
  A bunyip (Swamp:1)
  6 hydras
  A hell beast (Lair:5)
  4 ogre magi (Orc:2)
  2 alligators (Swamp:1)
  13 two-headed ogres
  8 death yaks
  Sonja (Lair:5)
  An occultist (Lair:5)
  An orc high priest (Orc:1)
  A spriggan (Swamp:1)
  3 skysharks
  3 goliath frogs (Swamp:1)
  2 bog bodies (Swamp:1)
  Pikel (D:7)
  2 orc knights (Orc:1)
  5 orc sorcerers
  2 oklob plants (Lair:3)
  15 elephants
  2 moths of wrath (Orc:1)
  A kobold blastminer (Orc:2)
  9 black mambas
  2 orange demons (Lair:5)
  2 unseen horrors (D:11)
  Maggie (D:8)
  10 cane toads
  An ice devil (Lair:5)
  7 rime drakes
  11 komodo dragons
  2 trolls
  A hellwing (Lair:5)
  3 red devils (Lair:5)
  2 polar bears
  A tyrant leech (Swamp:1)
  Prince Ribbit (D:8)
  7 blink frogs (Lair:3)
  3 hornets
  6 culicivoras (Lair:3)
  Eustachio (D:5)
  4 wargs (Orc:1)
  A wyvern (Lair:5)
  Grum (D:8)
  49 yaks
  26 water moccasins
  3 swamp worms
  3 hell hounds (Lair:5)
  17 orc warriors
  An ice beast (D:6)
  4 black bears
  3 wolves (D:8)
  28 ogres
  4 lemures (D:7)
  5 centaurs
  7 kobold brigands
  11 bullfrogs
  4 scorpions
  2 gnoll sergeants (D:9)
  10 wights (D:9)
  25 killer bees
  6 electric eels (D:6)
  6 howler monkeys
  2 bombardier beetles
  12 orc priests
  4 hounds
  2 jellies
  Crazy Yiuf (D:2)
  4 gnoll boudas
  4 iguanas
  A sleepcap (D:7)
  Jessica (D:3)
  36 orc wizards
  7 hell rats (Lair:4)
  Terence (D:3)
  21 gnolls
  7 adders
  2 river rats (D:9)
  2 shadow imps
  2 ufetubi (D:6)
  A dart slug (D:4)
  74 orcs
  3 ball pythons
  3 endoplasms
  2 giant cockroaches (D:1)
  7 goblins
  9 hobgoblins
  A jackal (D:4)
  A quokka (D:3)
  7 bats
  34 kobolds
  6 rats
623 creatures vanquished.

Vanquished Creatures (others)
  A bloated husk (Swamp:2)
  4 foxfires (Swamp:2)
  101 fulminant prisms
106 creatures vanquished.

Grand Total: 729 creatures vanquished

Notes
Turn   | Place    | Note
-------+----------+-------------------------------------------
     0 | D:1      | IndexError the Djinni Conjurer began the quest for the Orb.
     0 | D:1      | IndexError set off with the following spells memorised:
                  | Magic Dart, Searing Ray, Fulminant Prism, Iskenderun's
                  | Mystic Blast.
     0 | D:1      | Reached XP level 1. HP: 15/15 MP: 0/0
   356 | D:1      | Reached skill level 1 in Fighting
   356 | D:1      | Reached XP level 2. HP: 19/22 MP: 0/0
   447 | D:1      | Reached XP level 3. HP: 22/28 MP: 0/0
   447 | D:1      | Learned a level 1 spell: Shock
   505 | D:1      | Reached skill level 2 in Fighting
   895 | D:2      | You are sucked into a shaft and drop 1 floor!
   986 | D:2      | Reached XP level 4. HP: 26/34 MP: 0/0
  1010 | D:2      | Reached skill level 4 in Spellcasting
  1010 | D:2      | Reached skill level 4 in Conjurations
  1010 | D:2      | Reached skill level 4 in Hexes
  1010 | D:2      | Reached skill level 4 in Summonings
  1010 | D:2      | Reached skill level 4 in Necromancy
  1010 | D:2      | Reached skill level 4 in Translocations
  1010 | D:2      | Reached skill level 4 in Fire Magic
  1010 | D:2      | Reached skill level 4 in Ice Magic
  1010 | D:2      | Reached skill level 4 in Air Magic
  1010 | D:2      | Reached skill level 4 in Earth Magic
  1010 | D:2      | Reached skill level 4 in Alchemy
  1023 | D:2      | Reached skill level 3 in Fighting
  1805 | D:2      | Found a runed translucent door.
  1806 | D:2      | Noticed Crazy Yiuf
  1813 | D:2      | Killed Crazy Yiuf
  1814 | D:2      | Reached XP level 5. HP: 10/40 MP: 0/0
  1814 | D:2      | Learned a level 2 spell: Jinxbite
  2145 | D:3      | Noticed Terence
  2161 | D:3      | Killed Terence
  2175 | D:3      | Reached skill level 4 in Fighting
  2260 | D:3      | Reached XP level 6. HP: 39/47 MP: 0/0
  2474 | D:3      | Noticed Jessica
  2480 | D:3      | Killed Jessica
  2815 | D:4      | Noticed an ogre
  2821 | D:4      | Killed an ogre
  2822 | D:4      | Reached skill level 5 in Fighting
  2904 | D:4      | Reached XP level 7. HP: 49/54 MP: 0/0
  2904 | D:4      | Learned a level 3 spell: Inner Flame
  3103 | D:4      | Reached skill level 1 in Evocations
  3286 | D:4      | Reached skill level 2 in Evocations
  3390 | D:4      | Found a staircase to the Ecumenical Temple.
  3408 | Temple   | Entered the Ecumenical Temple
  4074 | D:5      | Entered Level 5 of the Dungeon
  4207 | D:5      | Reached skill level 5 in Spellcasting
  4207 | D:5      | Reached skill level 5 in Conjurations
  4207 | D:5      | Reached skill level 5 in Hexes
  4207 | D:5      | Reached skill level 5 in Summonings
  4207 | D:5      | Reached skill level 5 in Necromancy
  4207 | D:5      | Reached skill level 5 in Translocations
  4207 | D:5      | Reached skill level 5 in Fire Magic
  4207 | D:5      | Reached skill level 5 in Ice Magic
  4207 | D:5      | Reached skill level 5 in Air Magic
  4207 | D:5      | Reached skill level 5 in Earth Magic
  4207 | D:5      | Reached skill level 5 in Alchemy
  4207 | D:5      | Reached skill level 3 in Evocations
  4240 | D:5      | Found a sacrificial altar of Ru.
  4257 | D:5      | Reached XP level 8. HP: 60/61 MP: 0/0
  4310 | D:5      | Noticed a yak
  4310 | D:5      | Noticed a yak
  4310 | D:5      | Noticed a yak
  4310 | D:5      | Noticed a yak
  4310 | D:5      | Noticed a yak
  4316 | D:5      | Killed a yak
  4316 | D:5      | Killed a yak
  4317 | D:5      | Reached skill level 6 in Fighting
  4317 | D:5      | Reached skill level 4 in Evocations
  4325 | D:5      | Killed a yak
  4325 | D:5      | Killed a yak
  4325 | D:5      | Killed a yak
  4326 | D:5      | Reached skill level 6 in Evocations
  4326 | D:5      | Reached XP level 9. HP: 21/67 MP: 0/0
  4326 | D:5      | Learned a level 4 spell: Summon Blazeheart Golem
  4478 | D:5      | Noticed Eustachio
  4487 | D:5      | Killed Eustachio
  4488 | D:5      | Reached skill level 7 in Fighting
  4818 | D:6      | Reached skill level 7 in Evocations
  4834 | D:6      | Reached skill level 6 in Spellcasting
  4834 | D:6      | Reached skill level 6 in Conjurations
  4834 | D:6      | Reached skill level 6 in Hexes
  4834 | D:6      | Reached skill level 6 in Summonings
  4834 | D:6      | Reached skill level 6 in Necromancy
  4834 | D:6      | Reached skill level 6 in Translocations
  4834 | D:6      | Reached skill level 6 in Fire Magic
  4834 | D:6      | Reached skill level 6 in Ice Magic
  4834 | D:6      | Reached skill level 6 in Air Magic
  4834 | D:6      | Reached skill level 6 in Earth Magic
  4834 | D:6      | Reached skill level 6 in Alchemy
  4903 | D:6      | Identified the +0 ring mail of Ritischosh {Dex+2}
  5749 | D:7      | Reached skill level 8 in Evocations
  5750 | D:7      | Reached XP level 10. HP: 61/76 MP: 0/0
  6105 | D:7      | Noticed Pikel
  6121 | D:7      | HP: 18/76 [Pikel/+2 whip of freezing (5)]
  6122 | D:7      | Killed Pikel
  6123 | D:7      | Reached skill level 8 in Fighting
  6199 | D:7      | Found a runed translucent gate.
  6199 | D:7      | Found a runed translucent gate.
  6199 | D:7      | Found a runed translucent gate.
  6199 | D:7      | Noticed Jannitor's ghost (novice DsRe)
  6300 | D:7      | Found Myweddy's Elemental Accessories.
  6328 | D:7      | Reached skill level 9 in Evocations
  6496 | D:7      | Identified the ring of the Present {Fire Will++ rCorr Str+2
                  | Dex+3}
  6989 | D:8      | Identified the +0 robe of Indemnity {Int+4}
  7142 | D:8      | Noticed Maggie
  7149 | D:8      | Killed Maggie
  7226 | D:8      | Noticed Grum
  7231 | D:8      | Killed Grum
  7235 | D:8      | Reached skill level 7 in Spellcasting
  7235 | D:8      | Reached skill level 7 in Conjurations
  7235 | D:8      | Reached skill level 7 in Hexes
  7235 | D:8      | Reached skill level 7 in Summonings
  7235 | D:8      | Reached skill level 7 in Necromancy
  7235 | D:8      | Reached skill level 7 in Translocations
  7235 | D:8      | Reached skill level 7 in Fire Magic
  7235 | D:8      | Reached skill level 7 in Ice Magic
  7235 | D:8      | Reached skill level 7 in Air Magic
  7235 | D:8      | Reached skill level 7 in Earth Magic
  7235 | D:8      | Reached skill level 7 in Alchemy
  7238 | D:8      | Reached skill level 10 in Evocations
  7260 | D:8      | Noticed Prince Ribbit
  7323 | D:8      | Killed Prince Ribbit
  7499 | D:8      | Found a hazy altar of Hepliaklqana.
  7611 | D:8      | Reached skill level 9 in Fighting
  7611 | D:8      | Reached XP level 11. HP: 78/84 MP: 0/0
  7611 | D:8      | Learned a level 4 spell: Petrify
  7902 | D:8      | Upgraded the game from 0.32-a0-18-g89e19f1974 to
                  | 0.32-a0-22-g6ae6769602
  8057 | D:9      | Found a hide-covered altar of Uskayaw.
  8185 | D:9      | Reached skill level 10 in Fighting
  8765 | D:9      | Noticed a death yak
  8767 | D:9      | Noticed a death yak
  8768 | D:9      | Noticed a death yak
  8794 | D:9      | Killed a death yak
  8794 | D:9      | Killed a death yak
  8795 | D:9      | Reached skill level 11 in Fighting
  8876 | D:9      | Found a staircase to the Lair.
  8965 | D:9      | Killed a death yak
  8966 | D:9      | Reached skill level 8 in Spellcasting
  8966 | D:9      | Reached skill level 8 in Conjurations
  8966 | D:9      | Reached skill level 8 in Hexes
  8966 | D:9      | Reached skill level 8 in Summonings
  8966 | D:9      | Reached skill level 8 in Necromancy
  8966 | D:9      | Reached skill level 8 in Translocations
  8966 | D:9      | Reached skill level 8 in Fire Magic
  8966 | D:9      | Reached skill level 8 in Ice Magic
  8966 | D:9      | Reached skill level 8 in Air Magic
  8966 | D:9      | Reached skill level 8 in Earth Magic
  8966 | D:9      | Reached skill level 8 in Alchemy
  9059 | D:10     | Entered Level 10 of the Dungeon
  9291 | D:10     | Found a staircase to the Orcish Mines.
  9488 | D:10     | Upgraded the game from 0.32-a0-22-g6ae6769602 to
                  | 0.32-a0-39-g5c88369fb2
  9715 | Temple   | Became a worshipper of Ashenzari the Shackled
  9931 | D:10     | Found a burning altar of Makhleb.
 10000 | D:10     | Reached XP level 12. HP: 89/95 MP: 0/0
 10016 | D:10     | Reached skill level 12 in Fighting
 10601 | D:11     | Noticed a two-headed ogre
 10608 | D:11     | Killed a two-headed ogre
 10835 | D:11     | Reached skill level 13 in Fighting
 10835 | D:11     | Reached skill level 9 in Spellcasting
 10835 | D:11     | Reached skill level 9 in Conjurations
 10835 | D:11     | Reached skill level 9 in Hexes
 10835 | D:11     | Reached skill level 9 in Summonings
 10835 | D:11     | Reached skill level 9 in Necromancy
 10835 | D:11     | Reached skill level 9 in Translocations
 10835 | D:11     | Reached skill level 9 in Fire Magic
 10835 | D:11     | Reached skill level 9 in Ice Magic
 10835 | D:11     | Reached skill level 9 in Air Magic
 10835 | D:11     | Reached skill level 9 in Earth Magic
 10835 | D:11     | Reached skill level 9 in Alchemy
 10906 | D:11     | Noticed a skeletal warrior
 10961 | Lair:1   | Entered Level 1 of the Lair of Beasts
 11626 | Lair:1   | Reached skill level 10 in Spellcasting
 11626 | Lair:1   | Reached skill level 10 in Conjurations
 11626 | Lair:1   | Reached skill level 10 in Hexes
 11626 | Lair:1   | Reached skill level 10 in Summonings
 11626 | Lair:1   | Reached skill level 10 in Necromancy
 11626 | Lair:1   | Reached skill level 10 in Translocations
 11626 | Lair:1   | Reached skill level 10 in Fire Magic
 11626 | Lair:1   | Reached skill level 10 in Ice Magic
 11626 | Lair:1   | Reached skill level 10 in Air Magic
 11626 | Lair:1   | Reached skill level 10 in Earth Magic
 11626 | Lair:1   | Reached skill level 10 in Alchemy
 11920 | Lair:2   | Reached skill level 1 in Armour
 11975 | Lair:2   | Reached skill level 2 in Armour
 11975 | Lair:2   | Reached skill level 3 in Dodging
 12063 | Lair:2   | Reached skill level 4 in Dodging
 12063 | Lair:2   | Reached XP level 13. HP: 75/103 MP: 0/0
 12063 | Lair:2   | Learned a level 5 spell: Arcjolt
 12072 | Lair:2   | Reached skill level 3 in Armour
 12152 | Lair:2   | Reached skill level 5 in Dodging
 12213 | Lair:2   | Reached skill level 4 in Armour
 12344 | Lair:2   | Reached skill level 6 in Dodging
 12346 | Lair:2   | Reached skill level 5 in Armour
 13121 | Lair:2   | Reached skill level 7 in Dodging
 13124 | Lair:2   | Reached skill level 6 in Armour
 13179 | Lair:3   | Found a staircase to the Swamp.
 13408 | Lair:3   | Reached skill level 8 in Dodging
 13424 | Lair:2   | Reached skill level 7 in Armour
 13632 | Lair:2   | HP: 18/103 [death yak (21)]
 13791 | Lair:3   | Reached * piety under Ashenzari
 14052 | Lair:3   | Reached skill level 9 in Dodging
 14060 | Lair:3   | Reached skill level 8 in Armour
 14062 | Lair:3   | HP: 25/104 [culicivora (6)]
 14137 | Lair:3   | Found a hole to the Spider Nest.
 14296 | Lair:3   | Reached XP level 14. HP: 79/111 MP: 0/0
 14576 | Lair:3   | Found a blossoming altar of Fedhas.
 15018 | Lair:4   | Reached ** piety under Ashenzari
 15227 | Lair:4   | Reached skill level 10 in Dodging
 15624 | Lair:4   | Identified Sif Muna's Excursus on Conflict
 15643 | Lair:5   | Entered Level 5 of the Lair of Beasts
 15652 | Lair:5   | Reached skill level 9 in Armour
 15657 | Lair:4   | Reached *** piety under Ashenzari
 16483 | Lair:5   | Reached skill level 11 in Dodging
 16616 | Lair:5   | Reached skill level 10 in Armour
 16771 | Lair:5   | Found a runed translucent door.
 16772 | Lair:5   | Found a viscous altar of Jiyva.
 16772 | Lair:5   | Noticed an acid blob
 16776 | Lair:5   | Found a staircase to the Slime Pits.
 16777 | Lair:5   | Noticed an acid blob
 17077 | Lair:5   | Noticed Sonja
 17094 | Lair:5   | Reached skill level 14 in Fighting
 17097 | Lair:5   | Killed Sonja
 17098 | Lair:5   | Reached XP level 15. HP: 68/123 MP: 0/0
 17098 | Lair:5   | Learned a level 6 spell: Eringya's Noxious Bog
 17198 | Lair:5   | Found a burning altar of Makhleb.
 17241 | Lair:5   | Found a gateway to Hell.
 17559 | Orc:1    | Entered Level 1 of the Orcish Mines
 17667 | Orc:1    | Reached skill level 12 in Dodging
 17788 | Orc:1    | Found a transporter.
 17792 | Orc:1    | Noticed Kusum's ghost (journeyman DsFi)
 17820 | Orc:1    | Identified the ring of Moderation {rElec rPois rC- Dex+3}
 17856 | Orc:1    | Found a transporter.
 18183 | Orc:1    | Reached skill level 2 in Stealth
 18191 | Orc:1    | Killed Kusum's ghost
 18192 | Orc:1    | Reached skill level 3 in Stealth
 18296 | Orc:2    | Entered Level 2 of the Orcish Mines
 18468 | Orc:2    | Found a staircase to the Elven Halls.
 18489 | Orc:2    | Reached skill level 4 in Stealth
 18669 | Orc:2    | Reached skill level 5 in Stealth
 18740 | Orc:2    | Reached skill level 6 in Stealth
 18785 | Orc:2    | Reached skill level 7 in Stealth
 18841 | Orc:2    | Found Cumisu's Antique Armour Boutique.
 18841 | Orc:2    | Found Buis's Distillery.
 18842 | Orc:2    | Found Moickeh's Antique Weapon Shoppe.
 18842 | Orc:2    | Found Cofahuh's Antique Armour Boutique.
 19337 | Swamp:1  | Entered Level 1 of the Swamp
 19353 | Swamp:1  | Reached skill level 8 in Stealth
 19353 | Swamp:1  | HP: 25/124 [swamp worm/harpoon shot (16)]
 19914 | Swamp:1  | Reached skill level 9 in Stealth
 19914 | Swamp:1  | Reached XP level 16. HP: 58/130 MP: 0/0
 20119 | Swamp:1  | You are sucked into a shaft and drop 1 floor!
 20139 | Swamp:2  | HP: 17/130 [alligator (17)]
 20139 | Swamp:2  | Mangled by a shambling mangrove

Illustrated notes

Levels and vault maps discovered:
D:1:      dpeg_arrival_circle_labyrinth_a, layout_basic
D:2:      layout_loops_cross, uniq_crazy_yiuf_cottage
D:3:      layout_rooms, kennysheep_generic_room_14, uniq_terence, uniq_jessica
D:4:      layout_basic, led_sif_book, minmay_temple_entry_trees, minivault_24,
          minmay_starry_boxes
D:5:      layout_gridville, kennysheep_mini, nicolae_vehumet_radiance,
          uniq_eustachio
D:6:      layout_cave_pods, kennysheep_boxes
D:7:      layout_loops_cross, ebering_ghost_rock_garden, nicolae_elemental_shop,
          grunt_decor_mini_mirrors, hangedman_abyss_or_decor_slice,
          chequers_serial_rivers_room_b, kennysheep_minor_cross,
          serial_bayou_crossing, uniq_pikel
D:8:      layout_basic, amcnicky_altar_gilded, eino_jars, uniq_maggie,
          uniq_prince_ribbit1, uniq_grum
D:9:      minmay_skewed_foursquare, layout_basic,
          nicolae_uskayaw_murder_on_the_dancefloor, dpeg_lair_monsters
D:10:     kennysheep_seaside_town, layout_cave_pools,
          mainiacjoe_overflow_alcove_1, david_orc_2
D:11:     layout_roguey
Temple:   eino_temple_rhombus
Lair:1:   layout_loops_ring, lemuel_fruit_fields
Lair:2:   layout_concentric_octagons, st_stairs_7, grunt_megastairs_4,
          infiniplex_staircase_pool_2
Lair:3:   layout_chaotic_city, swamp_mist, hellmonk_spider_entry_life_and_decay,
          pdpol_lair_neglected_garden, hangedman_tree_tricks
Lair:4:   layout_regular_city
Lair:5:   evil_forest, layout_misc_corridors, slime_entry_2, uniq_sonja
Swamp:1:  layout_basic_swamp, serial_swamp_ruin, hangedman_swamp_ruin_hall,
          evilmike_swamp_ruin_house_4, evilmike_swamp_ruin_house_3
Swamp:2:  layout_falls_marsh, evilmike_swamp_ruin_rubble_2, swamp_pool_3,
          nicolae_swamp_triple_paths, nzn_swamp_dancing_lights
Orc:1:    layout_caves, basic_altar, gammafunk_ghost_berserking_beasts,
          mines4_lemuel
Orc:2:    st_orc_ogre_mass, layout_caves, basic_altar

Skill      XL: |  1  2  3  4  5  6  7  8  9 10 11 12 13 14 15 |
---------------+----------------------------------------------+-----
Fighting       | 1 2 3 4 5 6 7 9 11 13 14 | 14.3
Spellcasting   | 4 5 6 7 8 10 | 10.0
Conjurations   | 4 5 6 7 8 10 | 10.0
Hexes          | 4 5 6 7 8 10 | 10.0
Summonings     | 4 5 6 7 8 10 | 10.0
Necromancy     | 4 5 6 7 8 10 | 10.0
Translocations | 4 5 6 7 8 10 | 10.0
Fire Magic     | 4 5 6 7 8 10 | 10.0
Ice Magic      | 4 5 6 7 8 10 | 10.0
Air Magic      | 4 5 6 7 8 10 | 10.0
Earth Magic    | 4 5 6 7 8 10 | 10.0
Alchemy        | 4 5 6 7 8 10 | 10.0
Evocations     | 3 6 8 10 | 10.0
Armour         | 2 8 10 | 10.8
Dodging        | 4 9 11 12 | 12.1
Stealth        | 9 |  9.1

Action                     |  1- 3 |  4- 6 |  7- 9 | 10-12 | 13-15 | 16-18 || total
---------------------------+-------+-------+-------+-------+-------+-------++-------
  Melee: Dagger            |       |    12 |       |     9 |       |       ||    21
         Punch             |       |       |       |     2 |     3 |       ||     5
         Spear             |       |       |       |    40 |   274 |       ||   314
   Cast: Magic Dart        |    52 |    78 |   101 |   197 |   272 |     4 ||   704
         Searing Ray       |     1 |     9 |    30 |    70 |    28 |       ||   138
         Jinxbite          |       |     1 |       |       |       |       ||     1
         Fulminant Prism   |       |       |    14 |    42 |    45 |       ||   101
         Iskenderun's Myst |       |       |     8 |    71 |   146 |     1 ||   226
         Summon Blazeheart |       |       |       |     2 |       |       ||     2
         Inner Flame       |       |       |       |    28 |    68 |     1 ||    97
         Shock             |       |       |       |       |     1 |       ||     1
         Arcjolt           |       |       |       |       |     3 |       ||     3
         Eringya's Noxious |       |       |       |       |     1 |       ||     1
 Invoke: Curse Item        |       |       |       |       |     4 |       ||     4
  Evoke: Wand              |       |       |       |       |     1 |       ||     1
    Use: Scroll            |       |       |       |    19 |     1 |     3 ||    23
         Potion            |       |       |       |    10 |       |       ||    10
   Stab: Sleeping          |       |       |       |     3 |       |       ||     3
 Armour: Robe              |     1 |    14 |    26 |   140 |   439 |    17 ||   637
         Leather armour    |       |       |    35 |    14 |       |       ||    49
  Dodge: Dodged            |     3 |    12 |    31 |   121 |   358 |     4 ||   529

Table legend: (Time is in decaauts)
 A = Elapsed time spent in this place.
 B = Non-inter-level travel time spent in this place.
 C = Inter-level travel time spent in this place.
 D = Time resting spent in this place.
 E = Time spent auto-exploring this place.
 F = Levels seen in this place.
 G = Mean time per level.
                   A        B        C        D        E       F      G
               +--------+--------+--------+--------+--------+-----+--------+
         Total |  20210 |  18083 |   2127 |    486 |  14040 |  21 |  962.4 |
       Dungeon |  11055 |   9721 |   1334 |     60 |   7867 |  11 | 1005.0 |
        Temple |     35 |      4 |     31 |      0 |      0 |   1 |   35.0 |
          Lair |   6934 |   6326 |    608 |    398 |   4742 |   5 | 1386.8 |
         Swamp |    555 |    514 |     41 |      0 |    374 |   2 |  277.5 |
  Orcish Mines |   1629 |   1517 |    112 |     28 |   1057 |   2 |  814.5 |
               +--------+--------+--------+--------+--------+-----+--------+

Top non-repeatable levels by time:
  Lair:2: 1654 daAuts
  Lair:3: 1566 daAuts
  Lair:5: 1556 daAuts
     D:4: 1338 daAuts
     D:9: 1329 daAuts
     D:8: 1272 daAuts
     D:2: 1155 daAuts
  Lair:1: 1104 daAuts
    D:10: 1058 daAuts
  Lair:4: 1052 daAuts
     D:7: 1038 daAuts
     D:6: 1019 daAuts
     D:1: 877 daAuts
   Orc:1: 839 daAuts
     D:3: 811 daAuts

Levels and vault maps discovered:
D:1:      dpeg_arrival_circle_labyrinth_a, layout_basic
D:2:      layout_loops_cross, uniq_crazy_yiuf_cottage
D:3:      layout_rooms, kennysheep_generic_room_14, uniq_terence, uniq_jessica
D:4:      layout_basic, led_sif_book, minmay_temple_entry_trees, minivault_24,
          minmay_starry_boxes
D:5:      layout_gridville, kennysheep_mini, nicolae_vehumet_radiance,
          uniq_eustachio
D:6:      layout_cave_pods, kennysheep_boxes
D:7:      layout_loops_cross, ebering_ghost_rock_garden, nicolae_elemental_shop,
          grunt_decor_mini_mirrors, hangedman_abyss_or_decor_slice,
          chequers_serial_rivers_room_b, kennysheep_minor_cross,
          serial_bayou_crossing, uniq_pikel
D:8:      layout_basic, amcnicky_altar_gilded, eino_jars, uniq_maggie,
          uniq_prince_ribbit1, uniq_grum
D:9:      minmay_skewed_foursquare, layout_basic,
          nicolae_uskayaw_murder_on_the_dancefloor, dpeg_lair_monsters
D:10:     kennysheep_seaside_town, layout_cave_pools,
          mainiacjoe_overflow_alcove_1, david_orc_2
D:11:     layout_roguey
Temple:   eino_temple_rhombus
Lair:1:   layout_loops_ring, lemuel_fruit_fields
Lair:2:   layout_concentric_octagons, st_stairs_7, grunt_megastairs_4,
          infiniplex_staircase_pool_2
Lair:3:   layout_chaotic_city, swamp_mist, hellmonk_spider_entry_life_and_decay,
          pdpol_lair_neglected_garden, hangedman_tree_tricks
Lair:4:   layout_regular_city
Lair:5:   evil_forest, layout_misc_corridors, slime_entry_2, uniq_sonja
Swamp:1:  layout_basic_swamp, serial_swamp_ruin, hangedman_swamp_ruin_hall,
          evilmike_swamp_ruin_house_4, evilmike_swamp_ruin_house_3
Swamp:2:  layout_falls_marsh, evilmike_swamp_ruin_rubble_2, swamp_pool_3,
          nicolae_swamp_triple_paths, nzn_swamp_dancing_lights
Orc:1:    layout_caves, basic_altar, gammafunk_ghost_berserking_beasts,
          mines4_lemuel
Orc:2:    st_orc_ogre_mass, layout_caves, basic_altar

Table legend: (Time is in decaauts)
 A = Elapsed time spent in this place.
 B = Non-inter-level travel time spent in this place.
 C = Inter-level travel time spent in this place.
 D = Time resting spent in this place.
 E = Time spent auto-exploring this place.
 F = Levels seen in this place.
 G = Mean time per level.
                   A        B        C        D        E       F      G
               +--------+--------+--------+--------+--------+-----+--------+
         Total |  20210 |  18083 |   2127 |    486 |  14040 |  21 |  962.4 |
       Dungeon |  11055 |   9721 |   1334 |     60 |   7867 |  11 | 1005.0 |
        Temple |     35 |      4 |     31 |      0 |      0 |   1 |   35.0 |
          Lair |   6934 |   6326 |    608 |    398 |   4742 |   5 | 1386.8 |
         Swamp |    555 |    514 |     41 |      0 |    374 |   2 |  277.5 |
  Orcish Mines |   1629 |   1517 |    112 |     28 |   1057 |   2 |  814.5 |
               +--------+--------+--------+--------+--------+-----+--------+

Top non-repeatable levels by time:
  Lair:2: 1654 daAuts
  Lair:3: 1566 daAuts
  Lair:5: 1556 daAuts
     D:4: 1338 daAuts
     D:9: 1329 daAuts
     D:8: 1272 daAuts
     D:2: 1155 daAuts
  Lair:1: 1104 daAuts
    D:10: 1058 daAuts
  Lair:4: 1052 daAuts
     D:7: 1038 daAuts
     D:6: 1019 daAuts
     D:1: 877 daAuts
   Orc:1: 839 daAuts
     D:3: 811 daAuts

Table legend:
 A = Kills in this place as a percentage of kills in the entire game.
 B = Kills by you in this place as a percentage of kills by you in the entire game.
 C = Kills by friends in this place as a percentage of kills by friends in the entire game.
 D = Other kills in this place as a percentage of other kills in the entire game.
 E = Experience gained in this place as a percentage of experience gained in the entire game.
 F = Experience gained in this place divided by the number of levels of this place that you have seen.
                   A       B       C       D       E      F
               +-------+-------+-------+-------+-------+----------------------
         Total | 100.0 | 100.0 |   N/A |   N/A | 100.0 | 5248.0
       Dungeon |  52.0 |  52.0 |   N/A |   N/A |  18.3 | 1836.4
          Lair |  27.8 |  27.8 |   N/A |   N/A |  50.4 | 11112.8
         Swamp |   1.9 |   1.9 |   N/A |   N/A |   7.1 | 3895.0
  Orcish Mines |  18.3 |  18.3 |   N/A |   N/A |  24.2 | 13326.5
               +-------+-------+-------+-------+-------+----------------------
